[Event "45th FIDE Womens Olympiad 2024"]
[Site "Budapest"]
[Date "2024.09.15"]
[Round "5.29"]
[White "Wagner, Dinara"]
[Black "Cramling, Pia"]
[Result "1/2-1/2"]
[ECO "D36"]
[WhiteElo "2452"]
[BlackElo "2425"]
[Annotator "TA"]
[PlyCount "61"]
[EventDate "2024.09.05"]
[EventType "team-tourn"]
[EventCountry "HUN"]
[SourceTitle "playchess.com"]
[Source "ChessBase"]
[SourceQuality "1"]
[WhiteTeam "Germany"]
[BlackTeam "Sweden"]
[WhiteTeamCountry "GER"]
[BlackTeamCountry "SWE"]
[TimeControl "40/5400+30:1800+30"]

1. d4 d5 2. c4 e6 3. Nf3 Nf6 4. Nc3 Nbd7 5. cxd5 exd5 6. Bg5 c6 7. Qc2 Be7 8. h3 Nf8 9. e3 Ne6 10. Bh4 g6 11. Bd3 Ng7 12. g4 Be6 13. O-O-O Nd7 14. Bg3 {[%emt 0:02:33] White is slightly better.} O-O 15. Ne5 f6 16. Nxd7 (16. Nxg6 {keeps more tension.} hxg6 17. Bxg6 f5 18. Rhg1) 16... Qxd7 17. Kb1 Bd6 18. Bxd6 Qxd6 19. Rdg1 (19. Ne2 {is more complex.} f5 20. Rdg1 fxg4 21. hxg4 Rxf2 22. Bxg6 hxg6 23. Qxg6 Rxe2 24. Qh7+) 19... Qd7 (19... f5 $11) 20. Ne2 $16 b6 21. Nf4 {[%emt 0:12:39] Threatens to win with h4.} c5 22. dxc5 {[%emt 0:00:56] Hoping for h4. White is more active.} Rac8 {[%emt 0:00:12] [#]} 23. c6 $1 Qxc6 24. Qxc6 Rxc6 25. Rc1 Rfc8 26. Rxc6 Rxc6 27. Bc2 d4 28. exd4 {[%emt 0:00:23] [#]} (28. Be4 $16 Rd6 29. Rd1) 28... Bxa2+ $1 $11 {[%emt 0:00:21] The position is equal.} 29. Kxa2 Rxc2 30. Rf1 Kf7 31. Kb3 $1 {[%emt 0:00:16] Weighted Error Value: White=0.11 (very precise) /Black=0.12 (very precise) .  Mistake:       	White=1     	Black=1      OK:         	White=6     	Black=7      Best:        	---       	Black=1      Strong:       	White=1     	---        Brilliant:      	---       	Black=1} 1/2-1/2

[Event "45th FIDE Womens Olympiad 2024"]
[Site "Budapest"]
[Date "2024.09.15"]
[Round "5.30"]
[White "Agrest, Inna"]
[Black "Paehtz, Elisabeth"]
[Result "0-1"]
[ECO "B12"]
[WhiteElo "2197"]
[BlackElo "2455"]
[Annotator "TA"]
[PlyCount "72"]
[EventDate "2024.09.05"]
[EventType "team-tourn"]
[EventCountry "HUN"]
[SourceTitle "playchess.com"]
[Source "ChessBase"]
[SourceQuality "1"]
[WhiteTeam "Sweden"]
[BlackTeam "Germany"]
[WhiteTeamCountry "SWE"]
[BlackTeamCountry "GER"]
[TimeControl "40/5400+30:1800+30"]

1. e4 c6 2. d4 d5 3. e5 Bf5 4. h4 Qc7 5. Nc3 h6 6. Bd3 Bxd3 7. cxd3 e6 8. Nf3 {[%emt 0:04:40] The position is equal.} h5 9. O-O Nd7 10. a3 Ne7 11. b4 Nf5 12. Ne2 Be7 13. Ng3 Nxh4 14. Nxh4 Bxh4 15. Nxh5 O-O-O 16. g3 Be7 17. Kg2 Rh7 {[%emt 0:00:12] [#] ...Rdh8 is the strong threat.} 18. Rh1 Rdh8 {[%emt 0:00:37] ...g6 would now be deadly.} 19. g4 (19. Rh3 $1 $15) 19... g6 20. Ng3 Rxh1 21. Nxh1 f6 {[%emt 0:00:14] Black is more active.} 22. f4 ({White should try} 22. Qe2) 22... Qb6 (22... g5 $142 {[%cal Rf6e5] aiming for ...fxe5.} 23. Qe2 Qb6 24. exf6 Bd6 (24... Bxf6 25. fxg5 Bxd4 26. Ra2 $17) (24... Qxd4 25. fxe7 Qxa1 26. Qxe6 $11) 25. Qxe6 (25. fxg5 $2 Rh2+ 26. Kf3 Rxe2 $19) 25... Qxd4) 23. Qe2 $2 {[%emt 0:06:12] [#] Loses the game.} (23. Bb2 $17) 23... Qxd4 $19 24. Ra2 fxe5 {[%emt 0:01:44] White must now prevent ...Bd6.} 25. Rc2 $2 (25. Nf2 {might work better.}) 25... Qb6 (25... exf4 26. Bb2 f3+ 27. Qxf3 $17 (27. Kxf3 $2 Qg1 $19)) (25... Bd6 $142 26. Nf2 Rh4 (26... exf4 $2 27. Qxe6 Qe5 28. Qxe5 $19)) 26. fxe5 Qd4 27. Nf2 Rh4 ({Inferior is} 27... Qxe5 28. Qxe5 Nxe5 29. Bb2 $11) (27... Nxe5 $2 {loses.} 28. Bb2 $18) 28. Qe3 Qxe3 29. Bxe3 Nxe5 30. Bxa7 Nxg4 31. Re2 Kd7 32. Nh3 Nh6 33. Bf2 Rh5 34. Nf4 Rg5+ 35. Kf3 $2 (35. Kh1) 35... Rf5 36. Bg3 g5 {[%emt 0:00:40] Weighted Error Value: White=0.50/Black=0.20 (precise) .  Loses game:     	White=1     	---        Mistake:       	White=4     	Black=2      Inaccurate:     	White=3     	---        OK:         	White=7     	Black=16     Best:        	White=2     	Black=2} 0-1

[Event "45th FIDE Womens Olympiad 2024"]
[Site "Budapest"]
[Date "2024.09.15"]
[Round "5.30"]
[White "Wahid, Chelsea"]
[Black "Gemota, Joan"]
[Result "1-0"]
[ECO "E91"]
[WhiteElo "1482"]
[BlackElo "1567"]
[PlyCount "44"]
[EventDate "2024.09.05"]
[EventType "team-tourn"]
[EventCountry "HUN"]
[WhiteTeam "Saint Lucia"]
[BlackTeam "Palau"]
[BlackTeamCountry "PAL"]
[TimeControl "40/5400+30:1800+30"]

1. d4 d6 2. c4 g6 3. e4 Bg7 4. Be2 Nf6 5. Nc3 O-O 6. Nf3 b6 7. O-O Bb7 8. Qc2 c5 9. d5 Nbd7 10. Bf4 e6 11. Bxd6 Re8 12. Nb5 exd5 13. Nc7 dxe4 14. Ne1 Re6 15. Nxe6 fxe6 16. f3 e3 17. Rd1 Ne8 18. b3 Bd4 19. Bf4 e5 20. Bg3 Nef6 21. Bh4 Qc7 22. Nd3 Re8 1-0

[Event "45th FIDE Womens Olympiad 2024"]
[Site "Budapest"]
[Date "2024.09.15"]
[Round "5.31"]
[White "Heinemann, Josefine"]
[Black "Cramling Bellon, Anna"]
[Result "1-0"]
[ECO "B45"]
[WhiteElo "2316"]
[BlackElo "2066"]
[Annotator "TA"]
[PlyCount "47"]
[EventDate "2024.09.05"]
[EventType "team-tourn"]
[EventCountry "HUN"]
[SourceTitle "playchess.com"]
[Source "ChessBase"]
[SourceQuality "1"]
[WhiteTeam "Germany"]
[BlackTeam "Sweden"]
[WhiteTeamCountry "GER"]
[BlackTeamCountry "SWE"]
[TimeControl "40/5400+30:1800+30"]

1. e4 c5 2. Nf3 e6 3. d4 cxd4 4. Nxd4 Nf6 5. Nc3 Nc6 6. Nxc6 bxc6 7. e5 Nd5 8. Ne4 Qc7 9. f4 Qb6 10. a3 {[%emt 0:00:47] Against Qb4+} (10. c4 {seems wilder.} Bb4+ 11. Ke2 f5 12. exf6 Nxf6 13. Be3) 10... a5 11. c4 Ne3 12. Qd3 {[%emt 0:00:11] The position is equal.} Nxf1 13. Rxf1 a4 {[%emt 0:04:15] [#]} (13... Ba6 $11) 14. Be3 {[%emt 0:11:56] White has more active pieces.} (14. Bd2 $1 $16) 14... Qxb2 $11 15. Rb1 $36 {[%emt 0:01:31][%mdl 2048] White has some pressure.} Qxa3 {[%emt 0:06:48][%mdl 8192] [#]} (15... Qxg2 $11 {and Black stays safe.} 16. Nd6+ Bxd6 17. Qxd6 Qe4 (17... Qxh2 18. Bc5 $18)) 16. Qe2 $1 $18 {[%emt 0:03:35] White is clearly winning.} Ba6 {[%emt 0:51:41][%cal Oa6c4] Hoping for ...Bxc4!} 17. Bc1 Qe7 18. Nd6+ Kd8 19. Qb2 Qh4+ 20. g3 Bxd6 21. gxh4 Bc5 22. Qc2 a3 23. Rf3 Kc7 24. Bxa3 {[%emt 0:00:24] Weighted Error Value: White=0.14 (very precise) /Black=0.95.  Loses game:     	---       	Black=1      Mistake:       	White=1     	Black=1      OK:         	White=4     	Black=2      Best:        	White=1     	Black=1      Strong:       	White=1     	---} 1-0

[Event "45th FIDE Womens Olympiad 2024"]
[Site "Budapest"]
[Date "2024.09.15"]
[Round "5.32"]
[White "Valcu, Lavinia"]
[Black "Schulze, Lara"]
[Result "0-1"]
[ECO "D00"]
[WhiteElo "2076"]
[BlackElo "2283"]
[Annotator "TA"]
[PlyCount "44"]
[EventDate "2024.09.05"]
[EventType "team-tourn"]
[EventCountry "HUN"]
[SourceTitle "playchess.com"]
[Source "ChessBase"]
[SourceQuality "1"]
[WhiteTeam "Sweden"]
[BlackTeam "Germany"]
[WhiteTeamCountry "SWE"]
[BlackTeamCountry "GER"]
[TimeControl "40/5400+30:1800+30"]

1. d4 Nf6 2. Bg5 d5 3. Nd2 c5 4. dxc5 Nbd7 5. c4 Nxc5 6. Bxf6 exf6 7. b4 (7. Ngf3 $11) 7... Ne6 {[%emt 0:06:18] [#] ...dxc4 would now be deadly. Black is more active.} 8. e3 {[%emt 0:08:43] Black is slightly better.} Be7 (8... Bxb4 $2 {perishes.} 9. Qa4+ Bd7 10. Qxb4 $18) 9. Ngf3 (9. cxd5 $15 Qxd5 10. a3) 9... O-O (9... Bxb4 $2 {loses.} 10. Qa4+ Qd7 11. Qxb4 $18) (9... d4 $17 {...dxe3 is the strong threat.} 10. c5 O-O) 10. Qb3 (10. cxd5 $15 Qxd5 11. Bc4) 10... d4 $17 11. e4 (11. Rb1 $17) 11... a5 $19 12. b5 {[%emt 0:01:50] [#]} f5 $1 13. Bd3 (13. e5 Nc5) 13... Nc5 14. Qc2 fxe4 15. Nxe4 Nxd3+ 16. Qxd3 Bb4+ 17. Nfd2 Bf5 {[%emt 0:05:09] Hoping for ...Bxe4.} 18. O-O-O Rc8 19. Kb1 (19. Rhe1 $142) 19... Qe7 {[%emt 0:02:29] Black is clearly winning.} 20. f3 Bc3 {[%emt 0:01:09] A strong pair of Bishops.} 21. Qc2 (21. Rc1 $142) 21... Qb4+ 22. Nb3 Bxe4 {[%emt 0:01:22] White got outplayed after the opening.   Weighted Error Value: White=0.95/Black=0.19 (very precise) .  Mistake:       	White=6     	Black=1      Inaccurate:     	White=1     	Black=1      OK:         	White=2     	Black=9      Best:        	White=1     	Black=2} 0-1

[Event "45th FIDE Womens Olympiad 2024"]
[Site "Budapest"]
[Date "2024.09.15"]
[Round "5.32"]
[White "Richards, Trisann"]
[Black "Parrado, Angelica"]
[Result "1-0"]
[ECO "A28"]
[WhiteElo "1653"]
[BlackElo "1741"]
[PlyCount "125"]
[EventDate "2024.09.05"]
[EventType "team-tourn"]
[EventCountry "HUN"]
[WhiteTeam "Saint Lucia"]
[BlackTeam "Palau"]
[BlackTeamCountry "PAL"]
[TimeControl "40/5400+30:1800+30"]

1. c4 e5 2. Nc3 Nc6 3. Nf3 Nf6 4. e3 a6 5. Be2 Bb4 6. Qb3 O-O 7. O-O Bxc3 8. Qxc3 Qe7 9. d3 d6 10. h3 h6 11. Nd2 Be6 12. b3 Qd7 13. d4 d5 14. dxe5 Nh7 15. Bb2 Ng5 16. cxd5 Qxd5 17. Bf3 Nxf3+ 18. Nxf3 Qe4 19. Kh2 Rac8 20. Rfd1 g5 21. Qd3 Qb4 22. Ng1 Qe7 23. Qe2 Bf5 24. Qh5 Kh7 25. f4 Rg8 26. Rd2 Qe6 27. Nf3 Kg7 28. fxg5 Kf8 29. Qxh6+ Qxh6 30. gxh6 Be6 31. Nd4 Bd5 32. Nxc6 Bxc6 33. Ba3+ Ke8 34. Rf1 Bd7 35. Rf4 c5 36. Rdf2 Be6 37. Rh4 a5 38. h7 Rh8 39. e4 b6 40. Bc1 f6 41. Rxf6 Kd7 42. Rhh6 Rce8 43. Bg5 b5 44. Rf2 c4 45. Bf6 cxb3 46. axb3 Bxb3 47. Bxh8 Rxh8 48. Rb2 Bc4 49. g4 a4 50. g5 Ke7 51. Ra6 Kf7 52. g6+ Kg7 53. Kg3 Re8 54. Kf4 Kh6 55. Rg2 Bb3 56. h8=Q+ Rxh8 57. g7+ Kh7 58. gxh8=Q+ Kxh8 59. Ra7 Be6 60. Kg5 Bb3 61. Kf6 Bc4 62. e6 Bd3 63. Rd2 1-0

[Event "45th FIDE Womens Olympiad 2024"]
[Site "Budapest"]
[Date "2024.09.15"]
[Round "5.33"]
[White "Dolgova, Olga"]
[Black "Khademalsharieh, Sarasadat"]
[Result "0-1"]
[ECO "D02"]
[WhiteElo "2171"]
[BlackElo "2468"]
[Annotator "TA"]
[PlyCount "80"]
[EventDate "2024.09.05"]
[EventType "team-tourn"]
[EventCountry "HUN"]
[SourceTitle "playchess.com"]
[Source "ChessBase"]
[SourceQuality "1"]
[WhiteTeam "Norway"]
[BlackTeam "Spain"]
[WhiteTeamCountry "NOR"]
[BlackTeamCountry "ESP"]
[TimeControl "40/5400+30:1800+30"]

1. d4 Nf6 2. Bf4 d5 3. e3 e6 4. Nf3 c5 5. Nbd2 Nc6 6. c3 cxd4 7. Nxd4 Be7 8. Bd3 O-O 9. O-O Nd7 10. Bg3 {The position is equal.} e5 11. Nf5 Bf6 12. Bc2 Nb6 {Strongly threatening ...g6.} 13. e4 Bxf5 14. exf5 e4 15. Bf4 Re8 16. Qh5 Rc8 17. Rae1 (17. Rad1 $5 Qe7 18. Rfe1 $11) 17... Ne5 18. f3 (18. Re3 $11) 18... Nd3 $36 {[%mdl 2048] White is under strong pressure. Black converts the advantage convincingly.} 19. Bxd3 (19. fxe4 $17 Nxe1 20. Rxe1) 19... exd3 $19 20. g4 (20. Rxe8+ $142 Qxe8 21. Bg5) 20... g6 (20... Rxe1 $142 21. Rxe1 h6 (21... d4 $2 22. g5 $19)) 21. fxg6 $2 (21. Rxe8+ Qxe8 22. Qh6) 21... hxg6 ({Less strong is} 21... fxg6 22. Qh6 $19 (22. Rxe8+ $2 Qxe8 23. Qh6 Na4 $19)) 22. Qh3 (22. Qh6 $142) 22... Nc4 23. Nxc4 dxc4 24. Qg2 b5 {...Rxe1 is the strong threat.} 25. Qd2 Qd5 26. Kg2 {[#]} b4 $1 {[%mdl 512] And now ...bxc3 would win.} 27. Rxe8+ (27. Qc1 Bh4) 27... Rxe8 28. Re1 Rc8 29. Rc1 Qa5 30. Bd6 (30. h4 $142) 30... Bg5 31. f4 Qd5+ 32. Kg1 Bd8 {[#] ( -> ...Bb6+)} 33. Be5 Bb6+ 34. Bd4 bxc3 {Black mates.} 35. bxc3 Bxd4+ 36. cxd4 Qxd4+ 37. Qf2 Qxf2+ 38. Kxf2 {KR-KR} d2 39. Ra1 Re8 40. Rd1 c3 {Weighted Error Value: White=0.90/Black=0.20 (precise) .  Mistake:       	White=6     	Black=1      Inaccurate:     	White=2     	Black=3      OK:         	White=6     	Black=10     Best:        	White=1     	Black=1} 0-1

[Event "45th FIDE Womens Olympiad 2024"]
[Site "Budapest"]
[Date "2024.09.15"]
[Round "5.34"]
[White "Garcia Martin, Marta"]
[Black "Stanford, Sheila Barth"]
[Result "1/2-1/2"]
[ECO "B90"]
[WhiteElo "2318"]
[BlackElo "2175"]
[Annotator "TA"]
[PlyCount "104"]
[EventDate "2024.09.05"]
[EventType "team-tourn"]
[EventCountry "HUN"]
[SourceTitle "playchess.com"]
[Source "ChessBase"]
[SourceQuality "1"]
[WhiteTeam "Spain"]
[BlackTeam "Norway"]
[WhiteTeamCountry "ESP"]
[BlackTeamCountry "NOR"]
[TimeControl "40/5400+30:1800+30"]

1. e4 c5 2. Nf3 d6 3. d4 cxd4 4. Nxd4 Nf6 5. Nc3 a6 6. h3 e5 7. Nf3 h6 8. Bc4 Be6 9. Bb3 {The position is equal.} Nbd7 10. Be3 Qc7 11. O-O Be7 12. Nh4 Bxb3 (12... O-O $11) 13. cxb3 $16 g6 {Repels Nf5} 14. Rc1 Qd8 15. Nf3 Kf8 16. b4 Kg7 17. a3 b5 18. Nd2 Rc8 19. Nb3 Nb6 20. Bxb6 Qxb6 21. Na5 Bd8 22. Qf3 {[#] Threatens to win with Nd5.} Qb8 23. Nb3 Bb6 24. Rcd1 Rhe8 25. Rd3 Re6 26. Qe2 Rc4 27. Nd2 (27. Rfd1 $5) 27... Rc8 28. g3 Bd4 29. Nb3 Rc4 30. Na5 Rc8 31. Nd5 Qa7 32. Kg2 Bb6 33. Nb3 Nxd5 34. Rxd5 Rf6 35. f3 Rc4 36. Rfd1 Qc7 37. Qd3 Rc2+ 38. Rd2 Rxd2+ 39. Qxd2 Ba7 40. Qc1 Qb6 41. Qe1 {Repels Qf2+. Active counter play!} Re6 42. Rd1 Re7 43. Qd2 f5 44. Nc1 (44. exf5 $11 gxf5 45. Qe2) 44... fxe4 $15 45. fxe4 Rf7 46. Nd3 {Prevents Rf2+.} Qb7 $36 {[%mdl 2048] Black is pushing.} 47. Qe2 Rc7 48. Re1 (48. Ne1 $15) 48... Rc4 49. Qf3 Rc2+ 50. Kh1 $1 Qf7 51. Qxf7+ (51. Qd1 $17 {was the only chance.} Rc4 52. Kh2) 51... Kxf7 $19 52. Rc1 {[#]} Rxc1+ $1 {Weighted Error Value: White=0.12 (very precise) /Black=0.06 (flawless) .  Mistake:       	White=3     	Black=1      Inaccurate:     	White=1     	Black=2      OK:         	White=14    	Black=20     Best:        	White=2     	Black=1      Strong:       	White=1     	Black=1} (52... Rd2 53. Nxe5+ Kf6 54. Ng4+ Ke6 55. Nxh6 $11) 1/2-1/2

[Event "45th FIDE Womens Olympiad 2024"]
[Site "Budapest"]
[Date "2024.09.15"]
[Round "5.35"]
[White "Ni, Viktorija"]
[Black "Vega Gutierrez, Sabrina"]
[Result "1/2-1/2"]
[ECO "E12"]
[WhiteElo "2163"]
[BlackElo "2374"]
[Annotator "TA"]
[PlyCount "120"]
[EventDate "2024.09.05"]
[EventType "team-tourn"]
[EventCountry "HUN"]
[SourceTitle "playchess.com"]
[Source "ChessBase"]
[SourceQuality "1"]
[WhiteTeam "Norway"]
[BlackTeam "Spain"]
[WhiteTeamCountry "NOR"]
[BlackTeamCountry "ESP"]
[TimeControl "40/5400+30:1800+30"]

1. d4 d5 2. c4 e6 3. Nf3 a6 4. e3 Nf6 5. Nc3 Nbd7 6. Qc2 dxc4 7. a4 b6 8. Bxc4 Bb7 9. e4 c5 10. d5 exd5 11. exd5 Bd6 12. O-O O-O 13. Bg5 Re8 {Inhibits Ne4.} 14. Rfe1 h6 15. Bh4 Rxe1+ 16. Rxe1 Qf8 (16... Qc7 $11) 17. Qd3 {White is more active.} (17. Ne4 $1 $14) 17... g6 18. Ne4 Nxe4 19. Qxe4 Qg7 20. b3 {The position is equal.} Nf6 21. Qd3 Rd8 22. Bg3 Bxg3 23. hxg3 {[%cal Od5d6] [#] Strongly threatening d6!} b5 24. axb5 axb5 25. Bxb5 Bxd5 26. Bc4 {Black must now prevent Re5.} Qf8 27. Rd1 Qe7 28. Qd2 Kg7 29. Qd3 Rd7 30. Bxd5 Rxd5 31. Qc2 Rxd1+ 32. Qxd1 $11 {[%mdl 4096] Endgame. KQN-KQN} Qe4 33. Nd2 Qd3 34. Qc1 Ng4 35. Nf1 Qd4 36. Qd2 (36. Qf4 {simplifies} Qxf4 37. gxf4 Nf6 38. Nd2) 36... Qa1 (36... Qxd2 {simplifies} 37. Nxd2 f5 38. f3 Ne5) 37. Qc2 Qd4 38. Qd2 Qe5 39. Qd1 h5 40. Qd2 Kh7 41. Qd7 Qf6 42. Qd2 Qe6 43. Qc2 Qd5 44. Qc3 Kg8 45. Qc2 Kf8 46. Qd2 Qe5 ({Much weaker is} 46... Qxb3 $6 47. f3 $16) 47. Qd8+ (47. f3 $5 Nf6 $8 48. Qe3 Qxe3+ 49. Nxe3 $11) 47... Kg7 48. Qd2 {Wards off Qb2} Nf6 49. Qe3 Qf5 50. Qc3 Kg8 51. f3 Qe6 52. Qxc5 Qxb3 53. Qe5 Nd5 54. Qe8+ Kg7 55. Qe5+ Kh7 56. Qd4 Nc3 {[#] ( -> ...Ne2+)} 57. Kh2 Ne2 58. Qd2 Qb5 59. Qe3 Nd4 60. Qxd4 Qxf1 {Weighted Error Value: White=0.03 (flawless) /Black=0.05 (flawless) .  Mistake:       	White=1     	Black=1      OK:         	White=25    	Black=9      Best:        	---       	Black=3} 1/2-1/2

[Event "45th FIDE Womens Olympiad 2024"]
[Site "Budapest"]
[Date "2024.09.15"]
[Round "5.36"]
[White "Calzetta Ruiz, Monica"]
[Black "Machlik, Monika"]
[Result "1/2-1/2"]
[ECO "B12"]
[WhiteElo "2199"]
[BlackElo "2109"]
[Annotator "TA"]
[PlyCount "136"]
[EventDate "2024.09.05"]
[EventType "team-tourn"]
[EventCountry "HUN"]
[SourceTitle "playchess.com"]
[Source "ChessBase"]
[SourceQuality "1"]
[WhiteTeam "Spain"]
[BlackTeam "Norway"]
[WhiteTeamCountry "ESP"]
[BlackTeamCountry "NOR"]
[TimeControl "40/5400+30:1800+30"]

1. e4 c6 2. d4 d5 3. e5 c5 4. dxc5 e6 5. Be3 Nd7 6. Bb5 Ne7 7. Nf3 Nf5 8. Bd4 Qa5+ 9. Nc3 a6 10. Bxd7+ Bxd7 11. O-O Bxc5 12. Bxc5 Qxc5 13. Ne2 Bb5 14. Re1 Bxe2 15. Rxe2 O-O 16. a4 b5 17. Ra3 b4 18. Rd3 Rfc8 19. g4 Ne7 20. Rd4 (20. b3 $11 {remains equal.}) 20... Nc6 21. Rf4 Rf8 22. Qd3 Qe7 {Prevents Ng5. Strongly threatening ...g5.} 23. g5 Qd8 24. Rh4 {[%csl Gh4][%cal Rd3h7] [#]} g6 25. Qd2 a5 26. Qf4 Ne7 27. Nd4 h5 28. gxh6 {[#] White wants to mate with h7+.} Nf5 $2 (28... Kh7 $11 {and Black stays safe.}) 29. Nxf5 $18 exf5 30. h7+ Kh8 {And now ...g5 would win.} 31. e6 ({White should play} 31. Qd4 $18 {aiming for e6+.} Qg5+ 32. Kf1) 31... Qf6 $16 32. e7 $36 {[%mdl 2048] White is on the roll. White is more active.} Rfe8 33. Qe5 {Really sharp!} Qxe5 34. Rxe5 {[%cal Ob2b3][%mdl 4096] Endgame. KRR-KRR} Ra7 $2 (34... f6 $16 35. Re6 (35. Rxd5 Rxe7 36. b3 Rxh7 $16) 35... Ra7) 35. Rxd5 $18 Raxe7 36. Rxa5 Re1+ 37. Kg2 R1e2 38. Rc5 ({Resist} 38. Rxb4 Rxc2 39. Ra7 Re4 40. Rxe4 fxe4 $18) 38... b3 39. cxb3 Rxb2 40. b4 g5 41. Rhc4 Kxh7 42. Rxf5 Kg6 43. Rf3 f5 44. Rc6+ Kh5 45. Rxf5 ({Don't play} 45. b5 Re4 46. Rxf5 Rxa4 $18) 45... Rxb4 46. a5 {[%cal Ba4a5,Ba5a6,Ba6b7][%mdl 32] Threatens to win with h3.} Ra4 (46... Rg4+ $142 47. Kf1 Ra4) 47. h3 Rh8 48. a6 Rh6 49. Rff6 (49. Rxh6+ $142 Kxh6 50. Rf6+ Kg7 51. Rb6) 49... Rh7 $2 (49... Rxf6 50. Rxf6 Ra3) 50. Rb6 {Rf8 is the strong threat.} g4 (50... Rh8 $142 51. Rb7 Rh6 52. Rxh6+ Kxh6) 51. Rb7 gxh3+ 52. Kxh3 Rxb7 53. axb7 {KR-KR} Rb4 54. Rf7 Kg6 55. Rc7 Kf5 56. Kg3 Rb3+ 57. f3 $2 (57. Kg2 $18 Ke6 58. Kf1) 57... Rb2 $1 $11 {The position is equal.} 58. Rh7 Kg6 59. Rc7 {Hoping for Kf4.} Kf5 60. Kh3 Kg5 61. Kg3 Kf5 62. f4 Rb3+ 63. Kg2 Kxf4 64. Kf2 Ke5 65. Ke2 Kd6 66. Rh7 Kc6 67. Kd2 Rxb7 68. Rxb7 Kxb7 {White really could win this.   Weighted Error Value: White=0.20 (precise) /Black=0.26 (precise) .  Loses game:     	---       	Black=2      Mistake:       	White=3     	Black=3      Inaccurate:     	White=1     	Black=2      OK:         	White=24    	Black=25     Best:        	White=5     	Black=6} 1/2-1/2

[Event "45th FIDE Womens Olympiad 2024"]
[Site "Budapest"]
[Date "2024.09.15"]
[Round "5.37"]
[White "Stefanova, Antoaneta"]
[Black "Rogule, Laura"]
[Result "1-0"]
[ECO "A07"]
[WhiteElo "2416"]
[BlackElo "2248"]
[Annotator "TA"]
[PlyCount "85"]
[EventDate "2024.09.05"]
[EventType "team-tourn"]
[EventCountry "HUN"]
[SourceTitle "playchess.com"]
[Source "ChessBase"]
[SourceQuality "1"]
[WhiteTeam "Bulgaria"]
[BlackTeam "Latvia"]
[WhiteTeamCountry "BUL"]
[BlackTeamCountry "LAT"]
[TimeControl "40/5400+30:1800+30"]

1. Nf3 d5 2. g3 c6 3. Bg2 Bg4 4. O-O Nd7 5. d3 Ngf6 6. h3 Bh5 7. Qe1 (7. g4 $5 Bg6 $8 8. Nh4 $11) 7... e5 8. Nh4 Bc5 9. e4 {The position is equal.} dxe4 10. dxe4 O-O 11. a4 a5 12. Nd2 Re8 13. Nc4 Bf8 14. Bg5 Qc7 15. f3 Re6 ({Black should play} 15... b5 $11 16. Ne3 h6 17. Bxf6 Nxf6) 16. Bd2 b6 17. Kh1 Nc5 18. Bc3 Nfd7 19. f4 exf4 (19... f6 $1 $11 {remains equal.}) 20. gxf4 $16 f6 {[%cal Oc5e4] [#]} 21. e5 fxe5 22. fxe5 (22. Nxe5 Bd6 $15) 22... Rae8 {Black is on the road to losing.} (22... g6 $14) 23. Qf2 Kh8 {[#]} (23... h6 $16 24. Bf3 Bxf3+ 25. Qxf3 Qd8) 24. Nd6 $1 Bxd6 25. exd6 $40 {[%mdl 128] White goes for the king.} Rxd6 (25... Qd8 {is a better defense.}) 26. Qg3 $18 Nf6 27. Nf5 {aiming for Nxg7.} Rd7 28. Bxf6 {Hoping for Nxg7.} gxf6 29. Qh4 $1 Be2 (29... Rg8 $142 30. Qxf6+ (30. Qxh5 Rd2 $11) 30... Rdg7) 30. Qxf6+ Rg7 31. Rfe1 Ne4 32. Qxg7+ {White is clearly winning.} (32. Rxe2 $2 {perishes.} Nxf6 33. Rxe8+ Nxe8 $19) 32... Qxg7 33. Nxg7 Kxg7 34. Kh2 (34. Rxe2 Ng3+ 35. Kh2 Nxe2 $16) 34... Nd6 35. Bxc6 Rc8 36. Rxe2 Rxc6 {[%mdl 4096] Endgame. KRR-KRN} 37. Rg1+ Kf6 38. Rf1+ Nf5 39. c3 Rc5 40. Re8 Kg6 41. Rb8 Rc6 42. Rg8+ Kf7 43. Rg5 {Weighted Error Value: White=0.15 (very precise) /Black=0.40.  Mistake:       	---       	Black=6      Inaccurate:     	White=2     	Black=3      OK:         	White=15    	Black=8      Best:        	White=4     	Black=4} (43. Rxf5+ Kxg8 44. Rf3 Kg7 $16) 1-0